 Dungeon Crawl Stone Soup version 0.30-a0-721-ga6a225cb13 (webtiles) character file.

Game seed: 4052937279582586652

22923 Fenrisus the Grappler (level 12, -4/122 HPs)
             Began as a Troll Fighter on Jan 27, 2023.
             Was an Initiate of Gozag.
             Slain by a 14-headed hydra (5 damage)
             ... on level 2 of the Lair of Beasts.
             The game lasted 00:48:09 (12482 turns).

Fenrisus the Grappler (Troll Fighter)              Turns: 12482, Time: 00:48:09

Health: -4/122     AC: 10    Str: 36    XL:     12   Next: 67%
Magic:  11/11      EV: 10    Int:  6    God:    Gozag
Gold:   2741       SH: 10    Dex:  9    Spells: 11/11 levels left

rFire   + + +      SeeInvis .    k - +11 hand axe of Leafinn {freeze, rCorr}
rCold   . . .      Faith    .    b - +0 kite shield
rNeg    . . .      Spirit   .    E - +1 acid dragon scales
rPois   +          Reflect  .    (helmet restricted)
rElec   +          Harm     .    s - +0 cloak
rCorr   +          Rampage  .    (gloves unavailable)
Will    +....      Clarity  +    (boots unavailable)
Stlth   ++                       w - amulet "Susyo" {+Inv rC- Regen+ Int+2}
HPRegen 2.00/turn                z - ring "Zuecw" {rF+ Will+ Str+3}
MPRegen 0.12/turn                N - ring of Guafiad {rF+ rCorr Str+2 Stlth+}

@: mighty, brilliant, resistant, hasted, very quick
A: large, unfitting armour, claws 3, regeneration 1, shaggy fur 1, tough skin 1,
clarity
a: Renounce Religion, Evoke Invisibility, Potion Petition, Call Merchant, Bribe
Branch


You were on level 2 of the Lair of Beasts.
You worshipped Gozag.
Gozag was most pleased with you.
You visited 3 branches of the dungeon, and saw 16 of its levels.

You collected 3931 gold pieces.
You spent 1123 gold pieces at shops.
You paid 67 gold pieces to Gozag.

Inventory:

Hand Weapons
 k - the +11 hand axe of Leafinn (weapon) {freeze, rCorr}
   (You found it on level 6 of the Dungeon)

   rCorr:     It protects you from acid and corrosion.
 x - a +0 demon whip of venom
Armour
 a - a +1 robe
 b - a +0 kite shield (worn)
 m - the +9 plate armour of Midnight {rElec Str-5 Stlth+}
   (You found it on level 6 of the Dungeon)

   Str:       It affects your strength (-5).
   rElec:     It insulates you from electricity.
   Stlth:     It makes you more stealthy.
 o - a scarf of harm
 s - a +0 cloak (worn)
 E - +1 acid dragon scales (worn)
Jewellery
 d - a +6 ring of dexterity
 e - a ring of poison resistance
 i - a ring of magical power
 r - a ring of poison resistance
 t - a ring of fire
 u - a ring of wizardry
 w - the amulet "Susyo" (around neck) {+Inv rC- Regen+ Int+2}
   (You bought it in a shop on level 7 of the Dungeon)

   [amulet of regeneration]

   Int:       It affects your intelligence (+2).
   rC:        It makes you vulnerable to cold.
   +Inv:      It lets you turn invisible.
   Regen:     It increases your rate of health regeneration.
 z - the ring "Zuecw" (left claw) {rF+ Will+ Str+3}
   (You bought it in a shop on level 7 of the Dungeon)

   [ring of willpower]

   Str:       It affects your strength (+3).
   rF:        It protects you from fire.
   Will:      It increases your willpower.
 C - a ring of willpower
 G - a ring of positive energy
 K - a ring of flight
 L - an amulet of the acrobat
 N - the ring of Guafiad (right claw) {rF+ rCorr Str+2 Stlth+}
   (You found it on level 2 of the Lair of Beasts)

   [ring of resist corrosion]

   Str:       It affects your strength (+2).
   rF:        It protects you from fire.
   rCorr:     It protects you from acid and corrosion.
   Stlth:     It makes you more stealthy.
Wands
 A - a wand of flame (3)
Scrolls
 j - a scroll of teleportation
 l - a scroll of silence
 p - 5 scrolls of identify
 v - a scroll of enchant weapon
 B - a scroll of amnesia
 M - a scroll of immolation
Potions
 c - 2 potions of might
 f - a potion of brilliance
 g - 2 potions of ambrosia
 h - a potion of curing
 n - 2 potions of magic
 q - a potion of lignification {unknown}
 D - 2 potions of haste
 F - a potion of mutation
 H - a potion of experience {unknown}
 I - 2 potions of invisibility


   Skills:
 + Level 8.8 Fighting
 + Level 7.3 Axes
 + Level 8.8 Dodging
 + Level 9.5 Shields
 + Level 10.2 Unarmed Combat


You had 11 spell levels left.
You didn't know any spells.
Your spell library contained the following spells:

 Spells                   Type           Power      Damage    Failure   Level
 Freeze                   Ice            0%         1d3       73%         1
 Blink                    Tloc           0%         N/A       86%         2
 Ensorcelled Hibernation  Hex/Ice        0%         N/A       86%         2
 Lesser Beckoning         Tloc           0%         N/A       86%         2
 Momentum Strike          Conj/Tloc      0%         3d8       86%         2
 Passwall                 Tmut/Erth      0%         N/A       86%         2
 Frozen Ramparts          Ice            0%         1d1       97%         3
 Gell's Gravitas          Tloc           0%         N/A       97%         3
 Hailstorm                Conj/Ice       0%         3d3       97%         3
 Ozocubu's Armour         Ice            0%         N/A       97%         3
 Swiftness                Air            0%         N/A       97%         3
 Teleport Other           Tloc           0%         N/A       97%         3
 Summon Forest            Summ/Tloc      0%         N/A       100%        5
 Dispersal                Tloc           0%         N/A       100%        6
 Eringya's Noxious Bog    Tmut/Pois      0%         N/A       100%        6
 Ozocubu's Refrigeration  Ice            0%         4d7       100%        7
 Summon Hydra             Summ           0%         N/A       100%        7


Dungeon Overview and Level Annotations

Branches:
Dungeon (12/15)            Temple (1/1) D:5            Lair (3/5) D:10
    Orc (0/2) D:11
  Swamp: Lair:2-3    Shoals: Lair:2-3     Snake: Lair:2-3    Spider: Lair:2-3

Altars:
Ashenzari
Cheibriados
Dithmenos
Elyvilon
Fedhas
Gozag
Hepliaklqana
Kikubaaqudgha
Makhleb
Nemelex Xobeh
Okawaru
Qazlal
Ru
Sif Muna
Trog
Uskayaw
Vehumet
Wu Jian
Xom
Yredelemnul
Zin
The Shining One

Shops:
D:1 [   D:7 [=*

Annotations:
Lair:3 exclusion: oklob plant


Innate Abilities, Weirdness & Mutations

You are too large for most types of armour.
You have claws for hands.
Your natural rate of healing is unusually fast.
You are covered in fur. (AC +1)
You have tough skin. (AC +1)
You possess an exceptional clarity of mind.


Message History

The 11-headed hydra bites you! The 11-headed hydra bites you.
The 11-headed hydra barely misses you. The 11-headed hydra bites you!
The 11-headed hydra bites you.
The 11-headed hydra bites you but does no damage.
The 11-headed hydra bites you! The 11-headed hydra barely misses you.
You chop one of the 11-headed hydra's heads off!
The ten-headed hydra grows two more!
You slash the 12-headed hydra! You freeze the 12-headed hydra.
The 12-headed hydra is heavily wounded.
You block the 12-headed hydra's attack. x3
The 12-headed hydra closely misses you. You block the 12-headed hydra's attack.
The 12-headed hydra bites you! The 12-headed hydra bites you.
The 12-headed hydra bites you but does no damage.
The 12-headed hydra barely misses you. The 12-headed hydra bites you! x2
The 12-headed hydra barely misses you.
You slice one of the 12-headed hydra's heads off!
The 11-headed hydra grows two more!
You slash the 13-headed hydra!
The 13-headed hydra seems to slow down.
You freeze the 13-headed hydra.
The 13-headed hydra is heavily wounded.
You chop one of the 13-headed hydra's heads off!
The 12-headed hydra grows two more!
You slash the 14-headed hydra! You freeze the 14-headed hydra.
The 14-headed hydra is severely wounded.
The 14-headed hydra bites you but does no damage.
You block the 14-headed hydra's attack. The 14-headed hydra bites you.
The 14-headed hydra bites you but does no damage.
The 14-headed hydra bites you.
* * * LOW HITPOINT WARNING * * *
You block the 14-headed hydra's attack. The 14-headed hydra bites you!
* * * LOW HITPOINT WARNING * * *
The 14-headed hydra bites you!
* * * LOW HITPOINT WARNING * * *
The 14-headed hydra bites you but does no damage.
The 14-headed hydra bites you!
* * * LOW HITPOINT WARNING * * *
The 14-headed hydra bites you!
* * * LOW HITPOINT WARNING * * *
The 14-headed hydra closely misses you. The 14-headed hydra bites you.
You die...
Your body crumbles into a pile of gold.

.#....#..#>....#.# #.Y..###
..####...........## ##.Y.#.#
...............'..# ##Y...#
...............#..# #....## #
..P............#..# ##...####
..P.##+#.#........# ##......#
...........##..#..# #........
.......#.......D.## ##.......
#...............@## ####.......
#........##.......#P###..#.......
.........####....................
#........ #.FP###.#...+#.......
#.#.. .............#. .... #....
.....Y......### #.. .....
...........## # ..##. ......
.........#..# ..... .........#..#


You could see a 14-headed hydra (slow) and a bullfrog.

Vanquished Creatures
  An alligator (D:11)
  A boulder beetle (D:11)
  3 death yaks (Lair:3)
  Amaemon (D:8)
  Lodul (D:11)
  2 ugly things (D:11)
  A cyclops (D:11)
  5 elephants (Lair:3)
  Maggie (D:9)
  A gargoyle (D:12)
  An orange demon (D:8)
  3 cane toads
  A rime drake (Lair:1)
  4 komodo dragons
  3 trolls
  A wind drake (D:10)
  A hornet (D:10)
  6 blink frogs (Lair:2)
  A shadow (D:11)
  2 vampires
  A wraith (D:10)
  5 wyverns
  19 yaks
  2 vampire mosquitoes (D:12)
  A steam dragon (D:8)
  3 water moccasins
  2 sky beasts
  6 orc warriors
  4 ice beasts
  A black bear (D:8)
  10 wolves (Lair:2)
  5 centaurs
  10 ogres
  A phantom (D:7)
  4 kobold brigands
  3 gnoll sergeants
  5 bullfrogs
  3 scorpions
  A necrophage (D:6)
  7 killer bees (D:8)
  8 howler monkeys
  3 jellies
  A crimson imp (D:8)
  2 hounds (D:7)
  3 orc priests
  A gnoll bouda (D:8)
  3 iguanas
  17 orc wizards
  18 gnolls
  11 adders
  2 shadow imps
  4 white imps
  2 ufetubi
  3 worms
  2 dart slugs (D:3)
  38 orcs
  3 ball pythons
  6 endoplasms
  3 giant cockroaches
  8 goblins
  9 hobgoblins
  4 jackals (D:2)
  18 kobolds
  A quokka (D:1)
  7 bats
  3 frilled lizards
  A goblin zombie (D:8)
  A hobgoblin zombie (D:8)
  3 kobold skeletons (D:8)
  A kobold zombie (D:8)
  An orc skeleton (D:8)
  An orc zombie (D:8)
  12 rats
  A spectral orc (D:4)
334 creatures vanquished.

Vanquished Creatures (collateral kills)
  An orc warrior (D:7)
  An orc priest (D:7)
2 creatures vanquished.

Vanquished Creatures (others)
  11 fungi
  7 plants
18 creatures vanquished.

Grand Total: 354 creatures vanquished

Notes
Turn   | Place    | Note
-------+----------+-------------------------------------------
     0 | D:1      | Fenrisus the Troll Fighter began the quest for the Orb.
     0 | D:1      | Reached XP level 1. HP: 22/22 MP: 0/0
   252 | D:1      | Reached XP level 2. HP: 29/29 MP: 1/1
   332 | D:1      | Found Urrepeogh's Armour Shoppe.
   813 | D:2      | Reached XP level 3. HP: 36/36 MP: 2/2
  1024 | D:2      | Reached XP level 4. HP: 35/44 MP: 3/3
  1463 | D:3      | You fall into a shaft and drop 1 floor!
  1463 | D:4      | Found an opulent altar of Gozag.
  1466 | D:4      | Became a worshipper of Gozag Ym Sagoz the Greedy
  1570 | D:4      | Noticed a scorpion
  1576 | D:4      | Killed a scorpion
  1577 | D:4      | Reached skill level 3 in Unarmed Combat
  1577 | D:4      | Reached XP level 5. HP: 53/53 MP: 4/4
  1958 | D:3      | Found an ornate altar of the Wu Jian Council.
  2315 | D:4      | Found a basalt altar of Yredelemnul.
  2752 | D:5      | Entered Level 5 of the Dungeon
  2779 | D:5      | Found an iron altar of Okawaru.
  2787 | D:5      | Noticed an ice beast
  2796 | D:5      | Killed an ice beast
  2797 | D:5      | Reached XP level 6. HP: 62/62 MP: 5/5
  2830 | D:5      | Found a radiant altar of Vehumet.
  2975 | D:5      | Found an ancient bone altar of Kikubaaqudgha.
  3136 | D:5      | Reached skill level 4 in Unarmed Combat
  3154 | D:5      | Reached XP level 7. HP: 68/68 MP: 6/6
  3217 | D:5      | Found a sacrificial altar of Ru.
  3576 | D:5      | Found a staircase to the Ecumenical Temple.
  3620 | Temple   | Entered the Ecumenical Temple
  4479 | D:6      | Reached skill level 5 in Shields
  4479 | D:6      | Reached skill level 5 in Unarmed Combat
  4479 | D:6      | Reached XP level 8. HP: 79/79 MP: 7/7
  4557 | D:6      | Identified the +11 hand axe of Leafinn {freeze, rCorr}
  4847 | D:6      | Identified the +9 plate armour of Midnight {rElec Str-5
                  | Stlth+}
  5028 | D:7      | Reached skill level 1 in Axes
  5070 | D:7      | Reached skill level 5 in Fighting
  5077 | D:7      | Found Nileanud's Armour Emporium.
  5138 | D:7      | Reached skill level 5 in Dodging
  5235 | D:7      | Found Nava Wai's Antique Armour Boutique.
  5463 | D:7      | Reached skill level 6 in Unarmed Combat
  5463 | D:7      | Reached XP level 9. HP: 88/88 MP: 8/8
  5772 | D:7      | Found Pef Byr's Jewellery Emporium.
  5781 | D:7      | Bought the amulet "Susyo" {+Inv rC- Regen+ Int+2} for 535
                  | gold pieces
  5834 | D:7      | Found a bloodstained altar of Trog.
  5907 | D:7      | Found Ruwneost's General Store.
  6204 | D:8      | Noticed an orange demon
  6205 | D:8      | Noticed Amaemon
  6221 | D:8      | Killed an orange demon
  6336 | D:7      | Bought the ring "Zuecw" {rF+ Will+ Str+3} for 588 gold
                  | pieces
  6408 | D:8      | Killed Amaemon
  6516 | D:8      | Reached skill level 7 in Unarmed Combat
  6521 | D:8      | Reached XP level 10. HP: 86/98 MP: 9/9
  6705 | D:8      | Found a glowing golden altar of the Shining One.
  7155 | D:8      | Found a hide-covered altar of Uskayaw.
  7181 | D:8      | Gained mutation: You possess an exceptional clarity of
                  | mind. [potion of mutation]
  7342 | D:9      | Found a burning altar of Makhleb.
  7602 | D:9      | Noticed Maggie
  7612 | D:9      | Killed Maggie
  8116 | D:9      | Reached skill level 8 in Unarmed Combat
  8378 | D:10     | Entered Level 10 of the Dungeon
  8378 | D:10     | Found a staircase to the Lair.
  8400 | D:10     | Reached skill level 5 in Axes
  8688 | D:10     | Found a snail-covered altar of Cheibriados.
  8722 | D:10     | Reached XP level 11. HP: 109/109 MP: 10/10
  8914 | D:10     | Found a shadowy altar of Dithmenos.
  9736 | D:11     | Noticed a white ugly thing
  9757 | D:11     | Killed a white ugly thing
  9835 | D:11     | Found a staircase to the Orcish Mines.
  9969 | D:11     | Noticed a white ugly thing
  9979 | D:11     | Killed a white ugly thing
  9984 | D:11     | Noticed Lodul
 10179 | D:11     | Killed Lodul
 10205 | D:11     | Noticed Urug
 10205 | D:11     | Noticed a boulder beetle
 10207 | D:11     | Urug changed into Urug the alligator
 10207 | D:11     | Noticed Urug
 10223 | D:11     | Killed Urug the alligator
 10247 | D:11     | Killed a boulder beetle
 10248 | D:11     | Reached skill level 9 in Unarmed Combat
 10325 | D:11     | Identified the +1 scale mail "Tijoetit" {+Blink rN+ Will-}
 10543 | D:11     | Noticed an angel
 10544 | D:11     | Found a glowing silver altar of Zin.
 10881 | Lair:1   | Entered Level 1 of the Lair of Beasts
 11688 | Lair:2   | Reached XP level 12. HP: 82/119 MP: 11/11
 12061 | Lair:2   | Identified the ring of Guafiad {rF+ rCorr Str+2 Stlth+}
 12133 | Lair:2   | Noticed a death yak
 12133 | Lair:2   | Noticed a death yak
 12135 | Lair:2   | Noticed a death yak
 12135 | Lair:2   | Noticed a death yak
 12181 | Lair:3   | Killed a death yak
 12186 | Lair:3   | Killed a death yak
 12196 | Lair:2   | Noticed a death yak
 12207 | Lair:3   | Killed a death yak
 12219 | Lair:2   | Noticed a four-headed hydra
 12227 | Lair:3   | Noticed a seven-headed hydra
 12284 | Lair:3   | Reached skill level 10 in Unarmed Combat
 12482 | Lair:2   | HP: 1/122 [14-headed hydra (8)]
 12482 | Lair:2   | Slain by a 14-headed hydra

Illustrated notes

Levels and vault maps discovered:
D:1:      co_arrival_random_square_maze, layout_loops_ring, serial_shops, shop
D:2:      layout_basic, glass_columns_b, grunt_decor_cap,
          minmay_rat_gold_closets
D:3:      layout_rooms, nicolae_wu_jian_immortal_techniques
D:4:      layout_basic, yredelemnul_forgotten_temple_becter, lemuel_round_altar
D:5:      layout_layer_cave, nicolae_ru_sacrificial_ziggurat,
          lemuel_doored_altar, nicolae_vehumet_radiance, lemuel_crystal_altar,
          temple_green
D:6:      layout_basic
D:7:      layout_basic, mainiacjoe_overflow_24_doors, serial_shops, shop,
          nicolae_square_shop, nicolae_shop_waterfront,
          nicolae_shop_competitors_out_of_business
D:8:      layout_basic, nicolae_uskayaw_dance_studio,
          nicolae_tso_besieged_by_evil, uniq_amaemon
D:9:      layout_grid_maze, kennysheep_little_box, uniq_maggie
D:10:     layout_basic, cheibrodos_worm_habitat, nicolae_dithmenos_the_darkroom,
          lair_entry_dummy
D:11:     layout_roguey, erik_orc_3, zin_angel, uniq_lodul, uniq_urug
D:12:     layout_basic, special_room [special_room_bee], minmay_crystal_room,
          hangedman_decor_points, uniq_fannar, uniq_psyche
Temple:   hellmonk_temple_beads
Lair:1:   hellmonk_destroyed_diamonds, layout_regular_city, lemuel_fruit_tree
Lair:2:   layout_chaotic_city, chequers_serial_rivers_marsh
Lair:3:   layout_gridlike, nicolae_swamp_entry_splash_gauntlet,
          nicolae_spider_entry_tight_spaces, uniq_gastronok

Skill      XL: |  1  2  3  4  5  6  7  8  9 10 11 12 |
---------------+-------------------------------------+-----
Shields        | 3 4 5 6 7 8 9 |  9.5
Fighting       | 3 4 5 6 7 8 |  8.8
Dodging        | 3 4 5 6 7 8 |  8.8
Unarmed Combat | 3 4 5 6 7 8 9 10 | 10.2
Axes           | 2 3 5 6 7 |  7.3

Action                     |  1- 3 |  4- 6 |  7- 9 | 10-12 || total
---------------------------+-------+-------+-------+-------++-------
  Melee: Unarmed           |    45 |   173 |    96 |       ||   314
         Hand axe          |       |       |   112 |   524 ||   636
  Evoke: Wand              |       |       |     8 |    42 ||    50
    Use: Scroll            |     2 |     4 |    10 |    14 ||    30
         Potion            |       |     7 |     3 |    12 ||    22
   Stab: Sleeping          |       |     2 |       |       ||     2
         Paralysed         |       |       |     5 |     9 ||    14
         Distracted        |       |       |       |     2 ||     2
 Armour: Robe              |    21 |    31 |    69 |    25 ||   146
         Acid dragon scale |       |       |       |   138 ||   138
  Dodge: Dodged            |    18 |    52 |    76 |   233 ||   379
  Block: Kite shield       |    20 |    57 |   109 |   342 ||   528

Table legend: (Time is in decaauts)
 A = Elapsed time spent in this place.
 B = Non-inter-level travel time spent in this place.
 C = Inter-level travel time spent in this place.
 D = Time resting spent in this place.
 E = Time spent auto-exploring this place.
 F = Levels seen in this place.
 G = Mean time per level.
                   A        B        C        D        E       F      G
               +--------+--------+--------+--------+--------+-----+--------+
         Total |  12579 |   8128 |   4451 |    801 |   4630 |  16 |  786.2 |
       Dungeon |  10858 |   7094 |   3764 |    687 |   4178 |  12 |  904.8 |
        Temple |    108 |     96 |     12 |      0 |     86 |   1 |  108.0 |
          Lair |   1611 |    936 |    675 |    114 |    366 |   3 |  537.0 |
               +--------+--------+--------+--------+--------+-----+--------+

Top non-repeatable levels by time:
     D:7: 1279 daAuts
    D:10: 1208 daAuts
     D:5: 1202 daAuts
    D:11: 1185 daAuts
     D:9: 1134 daAuts
     D:8: 1002 daAuts
     D:6: 967 daAuts
  Lair:1: 779 daAuts
     D:1: 776 daAuts
     D:4: 751 daAuts
     D:2: 670 daAuts
  Lair:2: 651 daAuts
     D:3: 547 daAuts
  Lair:3: 180 daAuts
    D:12: 133 daAuts
